 Dungeon Crawl Stone Soup version 0.23.2-1-ga50397a (webtiles) character file.

Game seed: 2213854853297072254

2857 Grendash the Skirmisher (level 10, -7/77 HPs)
             Began as a Human Fighter on May 25, 2019.
             Was a Believer of Trog.
             Killed from afar by an electric eel (13 damage)
             ... with a bolt of electricity
             ... on level 7 of the Dungeon.
             The game lasted 00:41:54 (8801 turns).

Grendash the Skirmisher (Human Fighter)             Turns: 8801, Time: 00:41:56

Health: -7/77      AC: 21    Str: 22    XL:     10   Next: 4%
Magic:  11/11      EV:  5    Int:  9    God:    Trog [**....]
Gold:   407        SH: 10    Dex: 13    Spells: 11/11 levels left

rFire    . . .     SeeInvis .   k - +2 hand axe (venom)
rCold    . . .     Gourm    .   c - +0 shield
rNeg     . . .     Faith    .   D - +3 plate armour
rPois    .         Spirit   .   (no helmet)
rElec    .         Reflect  .   b - +0 cloak
rCorr    .         Harm     .   (no gloves)
MR       .....                  (no boots)
Stlth    ..........             (no amulet)
HPRegen  0.22/turn              J - +4 ring of protection
MPRegen  0.12/turn              p - +3 ring of strength

@: very slow
A: no striking features
a: Berserk, Trog's Hand, Renounce Religion


You were on level 7 of the Dungeon.
You worshipped Trog.
Trog was pleased with you.
You were not hungry.

You visited 2 branches of the dungeon, and saw 8 of its levels.

You collected 407 gold pieces.

Inventory:

Hand Weapons
 a - a +1 flail
 e - a +0 hunting sling
 g - a +1 dagger of electrocution
 k - a +2 hand axe of venom (weapon)
 v - a +1 whip of freezing
 y - a +1 mace of crushing
 E - a +3 trident
 F - a +1 long sword
 I - a +3 dagger
 N - a +0 hand crossbow
Missiles
 m - 5 needles of confusion
 n - 162 stones
 s - 31 bolts
 z - 3 tomahawks of returning (quivered)
 O - 20 arrows
Armour
 b - a +0 cloak (worn)
 c - a +0 shield (worn)
 D - a +3 plate armour (worn)
Jewellery
 p - a +3 ring of strength (right hand)
 J - a +4 ring of protection (left hand)
 K - an uncursed ring of protection from cold
 M - an uncursed ring of positive energy
Wands
 h - a wand of iceblast (9)
 i - a wand of flame (29)
 q - a wand of digging (3)
Scrolls
 j - 2 scrolls of teleportation
 l - 3 scrolls of identify
 r - a scroll of enchant weapon
 u - a scroll of immolation
 C - a scroll of remove curse
 G - a scroll of fog
 L - a scroll of magic mapping
Potions
 d - a potion of might
 o - 4 potions of brilliance
 t - a potion of invisibility
 w - 3 potions of lignification
 x - a potion of agility {unknown}
 A - 2 potions of mutation
 B - a potion of haste {unknown}
 H - 2 potions of degeneration {unknown}
Comestibles
 f - 11 rations


   Skills:
 * Level 6.7 Fighting
 - Level 2.5 Long Blades
 - Level 4.8(5.9) Axes
 - Level 2.2(3.8) Maces & Flails
 * Level 4.5(5.5) Polearms
 - Level 1.4 Throwing
 + Level 6.5 Armour
 - Level 1.2 Dodging
 * Level 3.1 Stealth
 + Level 5.9 Shields
 - Level 1.0 Spellcasting


You had 11 spell levels left.
You didn't know any spells.
Your spell library contained the following spells:

 Spells                   Type           Power        Failure   Level  Hunger
 Confusing Touch          Hex            #.....       100%        1    ##.....
 Confuse                  Hex            #.......     100%        3    ####...
 Gell's Gravitas          Tloc           #.........   100%        3    ####...
 Petrify                  Tmut/Erth      #.......     100%        4    #####..
 Metabolic Englaciation   Hex/Ice        #.........   100%        5    ######.
 Yara's Violent Unravell  Hex/Tmut       #.........   100%        5    ######.


Dungeon Overview and Level Annotations

Branches:
Dungeon (7/15)             Temple (1/1) D:4

Altars:
Ashenzari
Cheibriados
Dithmenos
Elyvilon
Fedhas
Gozag
Hepliaklqana
Kikubaaqudgha
Makhleb
Nemelex Xobeh
Okawaru
Qazlal
Ru
Sif Muna
Trog
Uskayaw
Vehumet
Wu Jian
Xom
Yredelemnul
Zin
The Shining One

Shops:
D:5 :


Message History

The electric eel shoots out a bolt of lightning at you!
The bolt of electricity hits the electric eel.
The electric eel completely resists.
The bolt of electricity hits you.
Your unstable footing causes you to fumble your attack.
The electric eel shoots out a bolt of lightning at you!
The bolt of electricity hits you!
The electric eel shoots out a bolt of lightning at you!
The bolt of electricity hits the electric eel.
The electric eel completely resists.
The bolt of electricity hits you!
* * * LOW HITPOINT WARNING * * *
The electric eel shoots out a bolt of lightning at you!
The bolt of electricity hits you.
* * * LOW HITPOINT WARNING * * *
The electric eel shoots out a bolt of lightning at you!
The bolt of electricity hits the electric eel.
The electric eel completely resists.
The bolt of electricity hits you!
* * * LOW HITPOINT WARNING * * *
The electric eel shoots out a bolt of lightning at you!
The bolt of electricity hits you!
You die...

≈♣≈P♣♣..####....≈♣≈≈≈≈≈..
PP≈≈P≈≈.####.P...≈♣≈≈≈≈P.
≈P.≈≈.....###..P...≈♣≈...
;.........###...♣...♣....
....................P..♣.
≈.....≈..≈≈≈♣♣..............
≈..≈≈P≈≈≈≈P≈≈P≈...##.÷......
≈P≈≈≈P≈≈≈≈P≈P≈≈≈.####.......
≈≈P≈≈;≈≈≈;≈@≈≈♣..#####......
≈≈P≈≈≈≈≈≈≈≈♣♣≈##...###......
P≈≈≈≈≈≈P≈≈♣♣#####)..###.÷...
♣≈≈P≈P≈P...##....)...####...
♣♣♣♣♣..#>##..)..#..#.##...
#...#..#......).#.........
#.....###...#.#.##...##...
#####.###.......#....#....
#..##...#...#....# ...


You could see 2 electric eels.

Vanquished Creatures
  Pikel (D:5)
  A komodo dragon (D:6)
  A hornet (D:6)
  A steam dragon (D:5)
  A sky beast (D:6)
  3 slaves (D:5)
  A black bear (D:6)
  An ice beast (D:7)
  3 ogres
  A centaur (D:7)
  4 bullfrogs
  A water moccasin skeleton (D:4)
  2 electric eels (D:7)
  A howler monkey (D:6)
  2 crimson imps (D:5)
  A jelly (D:6)
  A hound (D:5)
  3 orc priests
  4 orc wizards
  2 bullfrog skeletons
  Ijyb (D:3)
  2 iguanas (D:7)
  5 worker ants
  A killer bee zombie (D:5)
  A hound zombie (D:4)
  4 gnolls (D:3)
  2 adders
  2 shadow imps
  2 oozes
  An adder zombie (D:7)
  2 adder skeletons
  3 worms (D:4)
  2 dart slugs
  5 leopard geckos
  18 orcs
  4 ball pythons
  5 bats
  A giant cockroach (D:1)
  15 goblins
  7 hobgoblins
  12 jackals
  2 quokkas
  3 frilled lizards
  A jackal zombie (D:5)
  5 kobolds
  A leopard gecko zombie (D:7)
  4 rats
  A plant (D:7)
147 creatures vanquished.

Vanquished Creatures (others)
  A plant (D:7)
1 creature vanquished.

Grand Total: 148 creatures vanquished

Notes
Turn   | Place    | Note
-------+----------+-------------------------------------------
     0 | D:1      | Grendash the Human Fighter began the quest for the Orb.
     0 | D:1      | Reached XP level 1. HP: 18/18 MP: 1/1
    94 | D:1      | Reached XP level 2. HP: 21/24 MP: 2/2
   255 | D:1      | Reached XP level 3. HP: 19/29 MP: 3/3
  1854 | D:2      | Reached XP level 4. HP: 26/35 MP: 4/4
  2130 | D:3      | Reached skill level 1 in Dodging
  2139 | D:3      | Reached XP level 5. HP: 16/42 MP: 5/5
  2337 | D:3      | Reached skill level 1 in Throwing
  2900 | D:3      | Noticed Ijyb
  2913 | D:3      | Killed Ijyb
  2913 | D:3      | Reached skill level 1 in Polearms
  2913 | D:3      | Reached XP level 6. HP: 48/48 MP: 6/6
  3399 | D:4      | Noticed an ogre
  3718 | D:4      | Killed an ogre
  3718 | D:4      | Reached skill level 1 in Long Blades
  3957 | D:4      | Reached XP level 7. HP: 54/54 MP: 8/8
  3994 | D:4      | Reached skill level 1 in Spellcasting
  4127 | D:4      | Found a burning altar of Makhleb.
  4138 | D:4      | Found a staircase to the Ecumenical Temple.
  4150 | Temple   | Entered the Ecumenical Temple
  4352 | Temple   | Became a worshipper of Trog the Wrathful
  4734 | D:5      | Entered Level 5 of the Dungeon
  5014 | D:5      | Found Iweffabu's Book Shoppe.
  5044 | D:5      | Noticed Pikel
  5057 | D:5      | Killed Pikel
  5057 | D:5      | Reached skill level 5 in Fighting
  5057 | D:5      | Reached skill level 5 in Armour
  5057 | D:5      | Reached XP level 8. HP: 42/62 MP: 9/9
  5334 | D:5      | Reached skill level 5 in Shields
  5985 | D:6      | Reached XP level 9. HP: 64/68 MP: 10/10
  5989 | D:6      | Reached * piety under Trog
  6206 | D:6      | Found an ancient bone altar of Kikubaaqudgha.
  6306 | D:6      | Noticed a hornet
  6316 | D:6      | Killed a hornet
  6316 | D:6      | Reached skill level 1 in Stealth
  6709 | D:7      | Noticed a komodo dragon
  6757 | D:6      | Killed a komodo dragon
  7710 | D:7      | Reached XP level 10. HP: 66/77 MP: 11/11
  7765 | D:7      | Reached ** piety under Trog
  8801 | D:7      | Killed from afar by an electric eel

Skill      XL: |  1  2  3  4  5  6  7  8  9 |
---------------+----------------------------+-----
Dodging        | 1 |  1.2
Throwing       | 1 |  1.4
Armour         | 4 5 6 |  6.5
Fighting       | 4 5 6 |  6.7
Polearms       | 1 4 |  4.5
Long Blades    | 1 2 |  2.5
Spellcasting   | 1 |  1.0
Shields        | 4 5 |  5.9
Axes           | 3 4 |  4.8
Stealth        | 3 |  3.1
Maces & Flails | |  2.2

Action                   |  1- 3 |  4- 6 |  7- 9 | 10-12 || total
-------------------------+-------+-------+-------+-------++-------
Melee: Flail             |    59 |    79 |       |       ||   138
       Dagger            |    57 |    35 |       |       ||    92
       Long sword        |       |    53 |    35 |       ||    88
       Hand axe          |       |       |   205 |    42 ||   247
       Halberd           |       |       |    27 |       ||    27
       Mace              |       |       |     4 |       ||     4
Throw: Stone             |    25 |    12 |     1 |       ||    38
       Tomahawk          |       |       |     4 |       ||     4
  Use: Scroll            |       |    14 |     3 |       ||    17
       Potion            |       |       |     4 |       ||     4
  Eat: Chunk             |     3 |     4 |     2 |       ||     9
       Ration            |       |     1 |     3 |     1 ||     5
Armor: Scale mail        |    81 |       |       |       ||    81
       Plate armour      |       |   133 |   203 |     8 ||   344
Dodge: Dodged            |    50 |    33 |    48 |     2 ||   133
Block: Shield            |   105 |    98 |   146 |     4 ||   353
       Rpst.: Long sword |       |       |     4 |       ||     4
